 Dungeon Crawl Stone Soup version 0.27-a0-1123-g2f9bb313c0 (webtiles) character file.

Game seed: 17751055572643807442

486 karrick the Slasher (level 7, 0/50 HPs)
             Began as a Djinni Gladiator on May 4, 2021.
             Was an Initiate of Okawaru.
             Slain by Menkaure (3 damage)
             ... on level 5 of the Dungeon.
             The game lasted 00:06:22 (6259 turns).

karrick the Slasher (Djinni Gladiator)              Turns: 6259, Time: 00:06:23

Health: 0/50       AC:  4    Str: 14    XL:     7   Next: 13%
Gold:   143        EV: 14    Int: 10    God:    Okawaru [......] SH:  0 Dex: 21

rFire    + + .     SeeInvis .   a - +1 long sword
rCold    x . .     Faith    .   (no shield)
rNeg     . . .     Spirit   .   b - +0 leather armour
rPois    ∞         Reflect  .   c - +0 helmet
rElec    .         Harm     .   (no cloak)
rCorr    .         Rampage  .   (no gloves)
Will     .....                  (boots unavailable)
Stlth    ++........             (no amulet)
HPRegen  0.16/turn              k - +6 ring of dexterity
MPRegen  0.00/turn              (no ring)

@: flying
A: fire resistance 2, cold vulnerability 1, float, innate caster, hp casting,
extra vitality 1
a: Renounce Religion


You were on level 5 of the Dungeon.
You worshipped Okawaru.
Okawaru was noncommittal.
You visited 2 branches of the dungeon, and saw 6 of its levels.

You collected 143 gold pieces.

Inventory:

Hand Weapons
 a - a +1 long sword (weapon)
Missiles
 d - 3 throwing nets (quivered)
Armour
 b - a +0 leather armour (worn)
 c - a +0 helmet (worn)
Jewellery
 k - a +6 ring of dexterity (left hand)
Wands
 o - a wand of paralysis (8)
Scrolls
 i - a scroll of fear {unknown}
 j - a scroll of blinking {unknown}
 l - a scroll of identify {unknown}
 n - a scroll of noise {unknown}


   Skills:
 + Level 3.5 Fighting
 + Level 5.1 Long Blades
 + Level 1.8 Throwing
 + Level 2.4 Armour
 + Level 4.6 Dodging
 + Level 1.1 Stealth


You couldn't memorise any spells.
You knew the following spells:

 Your Spells              Type           Power      Damage    Failure   Level
a - Apportation           Tloc           0%         N/A       43%         1
b - Wereblood             Tmut           0%         N/A       56%         2
c - Ignite Poison         Fire/Tmut/Pois 0%         N/A       80%         3
Your spell library was empty.

Dungeon Overview and Level Annotations

Branches:
Dungeon (5/15)             Temple (1/1) D:4

Altars:
Ashenzari
Cheibriados
Dithmenos
Elyvilon
Fedhas
Hepliaklqana
Kikubaaqudgha
Makhleb
Okawaru
Qazlal
Ru
Sif Muna
Trog
Vehumet
Wu Jian
Xom
Zin
The Shining One

Annotations:
D:3 1 runed translucent door, Crazy Yiuf
D:5 Menkaure


Innate Abilities, Weirdness & Mutations

You are immune to poison.
Your flesh is very heat resistant. (rF++)
You are vulnerable to cold. (rC-)
You float through the air rather than walking.
You learn spells naturally, not from books.
Your magical power is your life essence.
You have superior vitality. (+4 HP)


Message History

Your Long Blades skill increases to level 5!
You have reached level 7!
The power to cast Ignite Poison wells up from within.
Spell assigned to 'c'.
Unknown command.
Unknown command.
Things that are here:
a +0 shortbow; 19 arrows; a centaur corpse
Okay, then.
You start resting.
Menkaure is nearby!
You start resting.
Menkaure is nearby!
You barely miss Menkaure.
Menkaure shouts!
Menkaure misses you.
You riposte.
You hit Menkaure.
Menkaure is lightly damaged.
You hit Menkaure.
Menkaure is moderately damaged.
Menkaure hits you!!
* * * LOW HITPOINT WARNING * * *
You aren't carrying any potions.
As you read the scroll labelled MOESYH URUA, it crumbles to dust.
It is a scroll of enchant weapon.
Your +0 long sword glows red for a moment.
Menkaure hits you!
* * * LOW HITPOINT WARNING * * *
You hit Menkaure.
Menkaure is moderately damaged.
Menkaure points at you and mumbles some strange words.
You struggle to resist.
You aren't carrying any potions.
Unknown command.
As you read the scroll labelled WAOKIE QI GEPUCAHU, it crumbles to dust.
It is a scroll of amnesia.
You feel forgetful for a moment.
You barely miss Menkaure.
Menkaure is moderately damaged.
Menkaure hits you.
You die...

........................
.#########.##.###.#####.
..............)#.....
#######.....#).#.###.
#.....M....#.###.
##)##....##)#...#.
##........##.###.#.
+M.###.#..#......#. +.@#
#....########' ####
##...# #.... #.c.# #....
##..# #.... #.... #.....
...... ...... ....?


You could see Menkaure.

Vanquished Creatures
  A centaur (D:5)
  A phantom (D:4)
  A centaur skeleton (D:4)
  An orc priest (D:5)
  2 orc wizards
  Natasha (thrice) (D:4)
  A scorpion zombie (D:5)
  2 adders
  A shadow imp (D:5)
  A worm (D:2)
  7 orcs
  7 endoplasms
  A giant cockroach (D:4)
  6 goblins
  7 hobgoblins
  10 jackals
  3 quokkas
  6 ball pythons
  5 bats (D:1)
  2 frilled lizards
  6 kobolds
  8 rats
82 creatures vanquished.

Notes
Turn   | Place    | Note
-------+----------+-------------------------------------------
     0 | D:1      | karrick the Djinni Gladiator began the quest for the Orb.
     0 | D:1      | Reached XP level 1. HP: 18/18 MP: 0/0
   287 | D:1      | Reached XP level 2. HP: 23/23 MP: 0/0
   896 | D:2      | Reached skill level 3 in Long Blades
   908 | D:2      | Reached XP level 3. HP: 14/28 MP: 0/0
   908 | D:2      | Learned a level 1 spell: Apportation
  1928 | D:1      | Reached skill level 1 in Armour
  2398 | D:1      | Found a faded altar of an unknown god.
  2914 | D:3      | Reached XP level 4. HP: 33/33 MP: 0/0
  3516 | D:3      | Found a runed translucent door.
  3517 | D:3      | Noticed Crazy Yiuf
  3647 | D:4      | Found a glowing silver altar of Zin.
  3695 | D:4      | Found a staircase to the Ecumenical Temple.
  3702 | Temple   | Entered the Ecumenical Temple
  3878 | Temple   | Became a worshipper of Warmaster Okawaru
  3983 | D:4      | Noticed a phantom
  4003 | D:4      | Killed a phantom
  4004 | D:4      | Reached skill level 4 in Long Blades
  4004 | D:4      | Reached XP level 5. HP: 5/40 MP: 0/0
  4004 | D:4      | Learned a level 2 spell: Wereblood
  4282 | D:4      | Noticed Natasha
  4298 | D:4      | Killed Natasha
  4299 | D:4      | Reached skill level 1 in Stealth
  4646 | D:4      | Found a bloodstained altar of Trog.
  4761 | D:4      | Noticed Natasha
  4775 | D:4      | Killed Natasha
  4776 | D:4      | Reached XP level 6. HP: 18/46 MP: 0/0
  5081 | D:4      | Noticed Natasha
  5091 | D:4      | Killed Natasha
  5372 | D:5      | Entered Level 5 of the Dungeon
  6164 | D:5      | Noticed Menkaure
  6197 | D:5      | Reached skill level 5 in Long Blades
  6197 | D:5      | Reached XP level 7. HP: 24/50 MP: 0/0
  6197 | D:5      | Learned a level 3 spell: Ignite Poison
  6259 | D:5      | Slain by Menkaure

Illustrated notes

Levels and vault maps discovered:
D:1:      dpeg_arrival_signposts, layout_rooms,
          hellmonk_ecumenical_altar_blasted
D:2:      layout_loops_corners
D:3:      layout_basic, kennysheep_generic_room_12, uniq_crazy_yiuf_cottage
D:4:      layout_loops_ring, trog_three_pillars_becter, old_standard_altar,
          minmay_temple_entry_tees, uniq_natasha
D:5:      minmay_polygon_palace, layout_basic, uniq_menkaure, uniq_edmund
Temple:   eino_temple_scatter_basement

Skill      XL: |  1  2  3  4  5  6 |
---------------+-------------------+-----
Long Blades    | 3 4 5 |  5.1
Armour         | 1 2 |  2.4
Dodging        | 4 |  4.6
Stealth        | 1 |  1.1
Fighting       | 3 |  3.5
Throwing       | |  1.8

Action                   |  1- 3 |  4- 6 |  7- 9 || total
-------------------------+-------+-------+-------++-------
Melee: Long sword        |    93 |   161 |     4 ||   258
  Use: Potion            |       |     5 |       ||     5
       Scroll            |       |       |     2 ||     2
 Stab: Sleeping          |     1 |     2 |       ||     3
Armor: Leather armour    |    42 |    26 |       ||    68
Dodge: Dodged            |   100 |   138 |     1 ||   239
       Rpst.: Long sword |    33 |    35 |     1 ||    69

Table legend: (Time is in decaauts)
 A = Elapsed time spent in this place.
 B = Non-inter-level travel time spent in this place.
 C = Inter-level travel time spent in this place.
 D = Time resting spent in this place.
 E = Time spent auto-exploring this place.
 F = Levels seen in this place.
 G = Mean time per level.
                   A        B        C        D        E       F      G
               +--------+--------+--------+--------+--------+-----+--------+
         Total |   6346 |   6071 |    275 |    568 |   4781 |   6 | 1057.7 |
       Dungeon |   6149 |   5910 |    239 |    568 |   4623 |   5 | 1229.8 |
        Temple |    196 |    160 |     36 |      0 |    158 |   1 |  196.0 |
               +--------+--------+--------+--------+--------+-----+--------+

Top non-repeatable levels by time:
     D:2: 1914 daAuts
     D:4: 1909 daAuts
     D:3: 904 daAuts
     D:1: 857 daAuts
     D:5: 564 daAuts
  Temple: 196 daAuts
